 Dungeon Crawl Stone Soup version 0.28.0-1-gb440e238dd (webtiles) character file.

Game seed: 7745879315791442507

1539 GordonOverkill the Thaumaturge (level 8, -1/61 HPs)
             Began as a Deep Elf Transmuter on Feb 18, 2022.
             Was an Initiate of Vehumet.
             Succumbed to a water moccasin's poison
             ... on level 5 of the Dungeon.
             The game lasted 00:18:58 (11136 turns).

GordonOverkill the Thaumaturge (DETm)              Turns: 11136, Time: 00:18:59

Health: -1/61      AC:  7    Str:  7    XL:     8   Next: 56%
Magic:  21/23      EV: 10    Int: 21    God:    Vehumet [......]
Gold:   319        SH:  0    Dex: 15    Spells: 18/26 levels left

rFire   x . .      SeeInvis .     - Unarmed
rCold   + + +      Faith    .   (shield currently unavailable)
rNeg    . . .      Spirit   .   (armour currently unavailable)
rPois   +          Reflect  .   (helmet currently unavailable)
rElec   .          Harm     .   (cloak currently unavailable)
rCorr   .          Rampage  .   (gloves currently unavailable)
Will    .....                   (boots currently unavailable)
Stlth   +.........              e - amulet of magic regeneration
HPRegen 0.20/turn               (no ring)
MPRegen 0.58/turn               (no ring)

@: lethally poisoned (-1 -> -18), ice-form
A: freezing attack, amphibious, boosted hp, large
a: End Transformation, Renounce Religion


You were on level 5 of the Dungeon.
You worshipped Vehumet.
Vehumet was noncommittal.
You were a creature of crystalline ice.
You visited 2 branches of the dungeon, and saw 7 of its levels.
You also visited: Sewer.

You collected 421 gold pieces.
You spent 102 gold pieces at shops.

Inventory:

Hand Weapons
 q - a +2 dagger of draining (melded)
Armour
 a - a +1 robe (melded)
Magical Staves
 c - a staff of air
Jewellery
 e - an amulet of magic regeneration (around neck)
 h - a ring of fire
Wands
 l - a wand of digging (2)
Scrolls
 b - a scroll of blinking
 f - 3 scrolls of teleportation
 i - a scroll of acquirement {unknown}
 j - a scroll of enchant weapon {unknown}
 p - a scroll of fog {unknown}
 r - a scroll of immolation {unknown}
Potions
 d - a potion of curing
 g - a potion of brilliance
 k - 2 potions of haste {unknown}
 m - a potion of lignification
 n - a potion of flight {unknown}
 o - a potion of invisibility {unknown}


   Skills:
 + Level 6.0 Fighting
 - Level 2.4 Dodging
 - Level 2.4 Unarmed Combat
 + Level 9.8 Spellcasting
 - Level 3.0 Transmutations
 - Level 3.0 Ice Magic


You had 18 spell levels left.
You knew the following spells:

 Your Spells              Type           Power      Damage    Failure   Level
a - Beastly Appendage     Tmut           44%        N/A       1%          1
b - Spider Form           Tmut/Pois      16%        N/A       11%         3
c - Ice Form              Ice/Tmut       22%        N/A       19%         4

Your spell library contained the following spells:

 Spells                   Type           Power      Damage    Failure   Level
 Wereblood                Tmut           22%        N/A       3%          2
 Animate Skeleton         Necr           20%        N/A       7%          1
 Pain                     Necr           40%        1d6       7%          1
 Blink                    Tloc           20%        N/A       10%         2
 Call Canine Familiar     Summ           10%        N/A       21%         3
 Lesser Beckoning         Tloc           10%        N/A       21%         3
 Portal Projectile        Hex/Tloc       20%        N/A       21%         3
 Vampiric Draining        Necr           10%        2d6       21%         3
 Leda's Liquefaction      Hex/Erth       5%         N/A       54%         4
 Manifold Assault         Tloc           10%        N/A       88%         5


Dungeon Overview and Level Annotations

Branches:
Dungeon (6/15)             Temple (1/1) D:6           Sewer (visited)

Altars:
Ashenzari
Cheibriados
Dithmenos
Elyvilon
Fedhas
Gozag
Hepliaklqana
Nemelex Xobeh
Okawaru
Qazlal
Ru
Sif Muna
Trog
Uskayaw
Vehumet
Xom
Yredelemnul
Zin
The Shining One

Shops:
D:4 *

Annotations:
D:3 Grinder
D:4 1 runed translucent door, Crazy Yiuf
D:6 4 runed translucent doors


Message History

The water moccasin bites you but does no damage.
The water moccasin bites you.
* * * LOW HITPOINT WARNING * * *
You punch the water moccasin! You freeze the water moccasin.
The water moccasin is heavily wounded.
The water moccasin bites you but does no damage.
You closely miss the water moccasin.
The water moccasin is heavily wounded.
The water moccasin bites you.
* * * LOW HITPOINT WARNING * * *
You punch the water moccasin!
The water moccasin seems to slow down.
You freeze the water moccasin.
The water moccasin is almost dead.
You warm up again.
Your +2 dagger of draining unmelds from your body.
Your +1 robe unmelds from your body.
You sense an unholy aura.
The water moccasin barely misses you.
Casting: Ice Form (quite dangerous; 19% risk of failure)
Confirm with . or Enter, or press ? or * to list all spells.
The spell is quite dangerous to miscast (19% risk of failure)!
Continue anyway?
You turn into a creature of crystalline ice.
Your +2 dagger of draining melds into your body.
Your +1 robe melds into your body.
The water moccasin is no longer moving slowly.
The water moccasin bites you.
* * * LOW HITPOINT WARNING * * *
You closely miss the water moccasin.
The water moccasin is almost dead.
The water moccasin completely misses you.
The water moccasin bites you!
* * * LOW HITPOINT WARNING * * *
You barely miss the water moccasin.
The water moccasin is almost dead.
The water moccasin bites you.
* * * LOW HITPOINT WARNING * * *
You are lethally poisoned!
The water moccasin poisons you!
You closely miss the water moccasin.
The water moccasin is almost dead.
You die...

##.....#............#..####..##..
##..........###..#.......#....#..
##.........######.....##.#..##...
#......#.....#####..##.#.....##..
#....§.........#..........[......
...§§..).....................#.#.
...§§§.≈≈..................###.##
.....≈.≈..................## #...
...≈§....§..#...YS........# #...
...§§...≈≈..###...........# #...
..§.§._....###...........#####.##
#[.≈≈...≈≈.###..>........###....#
...§....§≈..##..##.....#.##......
#....≈.§§......####...##.........
#...≈≈§≈§......# ##..###.........
#.......§......# #.....#.........
##.#...§......#####......##......


You could see a water moccasin.

Vanquished Creatures
  Menkaure (D:4)
  A water moccasin (D:5)
  An orc warrior (D:5)
  A sky beast (D:5)
  An ice beast (D:5)
  4 ogres
  A bullfrog (Sewer)
  2 scorpions (D:5)
  A water moccasin skeleton (D:6)
  A bullfrog zombie (D:5)
  A hound (D:4)
  2 jellies
  A gnoll shaman (D:5)
  A bullfrog skeleton (D:3)
  A scorpion zombie (D:5)
  4 gnolls
  A howler monkey skeleton (D:5)
  10 adders
  2 river rats (D:6)
  A shadow imp (D:6)
  An adder skeleton (D:5)
  2 worms
  2 dart slugs
  6 orcs
  10 ball pythons
  12 endoplasms
  9 giant cockroaches
  5 goblins
  8 hobgoblins
  5 kobolds
  3 quokkas
  7 bats
  4 frilled lizards
  7 rats
119 creatures vanquished.

Notes
Turn   | Place    | Note
-------+----------+-------------------------------------------
     0 | D:1      | GordonOverkill the Deep Elf Transmuter began the quest for
                  | the Orb.
     0 | D:1      | Reached XP level 1. HP: 11/11 MP: 6/6
   121 | D:1      | Reached skill level 1 in Fighting
   458 | D:1      | Reached XP level 2. HP: 11/16 MP: 5/8
  1687 | D:1      | You fall into a shaft and drop 1 floor!
  1799 | D:2      | Reached skill level 4 in Spellcasting
  1799 | D:2      | Reached XP level 3. HP: 12/21 MP: 7/10
  2257 | D:2      | Found a faded altar of an unknown god.
  3731 | D:3      | Found a white marble altar of Elyvilon.
  3742 | D:3      | Reached XP level 4. HP: 14/27 MP: 12/12
  4005 | D:3      | Reached skill level 5 in Spellcasting
  4537 | D:3      | Found a stormy altar of Qazlal.
  4538 | D:3      | Noticed an air elemental
  4579 | D:3      | Noticed a water elemental
  4580 | D:3      | Noticed an earth elemental
  4580 | D:3      | Noticed a fire elemental
  5342 | D:4      | Noticed Grinder
  5447 | D:4      | Reached XP level 5. HP: 20/31 MP: 14/14
  5721 | D:4      | Found a runed translucent door.
  5722 | D:4      | Noticed Crazy Yiuf
  5745 | D:4      | Learned a level 3 spell: Spider Form
  5755 | D:4      | Reached skill level 1 in Ice Magic
  5799 | D:4      | Noticed an ogre
  5812 | D:4      | Killed an ogre
  5891 | D:4      | Reached XP level 6. HP: 34/37 MP: 16/16
  5893 | D:4      | Found Velaff's Assorted Antiques.
  5940 | D:4      | Bought a scroll of identify for 54 gold pieces
  5940 | D:4      | Bought an inky potion for 24 gold pieces
  5940 | D:4      | Bought a silvery potion for 24 gold pieces
  6129 | D:4      | Noticed Menkaure
  6329 | D:5      | Entered Level 5 of the Dungeon
  6344 | D:5      | Reached skill level 6 in Spellcasting
  6714 | D:5      | Noticed a water moccasin
  6722 | D:5      | Learned a level 4 spell: Ice Form
  6728 | D:5      | Killed a water moccasin
  6795 | D:5      | Reached XP level 7. HP: 40/42 MP: 16/19
  6905 | D:5      | Reached skill level 7 in Spellcasting
  7050 | D:5      | Identified the +2 scale mail of Cynicism {Int+3}
  7086 | D:5      | Found a shimmering altar of Xom.
  7144 | D:5      | HP: 1/44 [ogre (16)]
  7653 | D:5      | Found a snail-covered altar of Cheibriados.
  7736 | D:5      | Found a snail-covered altar of Cheibriados.
  8227 | D:4      | Killed Menkaure
  8228 | D:4      | Reached skill level 8 in Spellcasting
  8411 | D:6      | Found a glowing drain.
  8424 | D:6      | Reached skill level 5 in Fighting
  8431 | D:6      | Reached XP level 8. HP: 49/49 MP: 22/22
  9020 | D:6      | Found a staircase to the Ecumenical Temple.
  9046 | Sewer    | Entered a sewer
  9220 | Sewer    | Reached skill level 9 in Spellcasting
  9640 | Temple   | Entered the Ecumenical Temple
  9910 | Temple   | Became a worshipper of Vehumet
 10208 | D:6      | Found a glowing golden altar of the Shining One.
 11063 | D:6      | Noticed a two-headed ogre
 11064 | D:6      | Found a large runed translucent door.
 11064 | D:6      | Found a large runed translucent door.
 11071 | D:6      | Found a large runed translucent door.
 11071 | D:6      | Found a large runed translucent door.
 11135 | D:5      | HP: 3/61 [water moccasin (4)]
 11136 | D:5      | Succumbed to a water moccasin's poison

Illustrated notes

Levels and vault maps discovered:
D:1:      saegor_arrival_simple_b, layout_basic, hex_large
D:2:      layout_basic, shapermc_ecumenical_altar_flowoftime,
          palyth_stone_intersect
D:3:      layout_basic, elyvilon_altar_5, nicolae_qazlal_style_of_elements,
          st_stairs_9, minmay_misc_feat_chi
D:4:      layout_basic, serial_shops, shop, hangedman_decor_push,
          chequers_serial_rivers_small_b, uniq_crazy_yiuf_cottage, uniq_grinder,
          uniq_menkaure
D:5:      layout_cave_pools, mainiacjoe_overflow_six_doors_small,
          mainiacjoe_overflow_small_starburst
D:6:      layout_rooms, tso_oasis_becter, minmay_temple_entry_slanted,
          portal_sewer_entry_a, minmay_hollow_rounded_squares
Temple:   minmay_temple_curvy_branch

Skill      XL: |  1  2  3  4  5  6  7  8 |
---------------+-------------------------+-----
Fighting       | 1 2 3 5 6 |  6.0
Spellcasting   | 4 5 6 8 9 |  9.8
Ice Magic      | 1 3 |  3.0
Transmutations | 3 |  3.0
Dodging        | |  2.4
Unarmed Combat | |  2.4

Action                   |  1- 3 |  4- 6 |  7- 9 || total
-------------------------+-------+-------+-------++-------
Melee: Dagger            |   124 |    49 |    18 ||   191
       Kick              |    43 |    15 |     2 ||    60
       Unarmed           |     7 |    51 |   180 ||   238
       Headbutt          |    24 |     7 |     1 ||    32
       Punch             |     4 |     1 |     1 ||     6
 Cast: Beastly Appendage |    36 |    14 |     2 ||    52
       Spider Form       |       |     8 |     8 ||    16
       Ice Form          |       |     2 |    23 ||    25
  Use: Scroll            |     1 |     7 |     2 ||    10
       Potion            |       |     1 |     1 ||     2
 Stab: Sleeping          |     2 |     1 |     1 ||     4
       Distracted        |       |     1 |       ||     1
Armor: Robe              |    21 |     6 |     1 ||    28
       Skin              |       |     2 |    46 ||    48
Dodge: Dodged            |    77 |    68 |   126 ||   271
